 Dungeon Crawl Stone Soup version 0.25-a0-253-g6f1b5d974a (webtiles) character file.

Game seed: 2771896348745364833, levelgen mode: classic

70 Borgoz the Covered (level 4, 0/31 HPs)
             Began as a Halfling Fighter on Dec 5, 2019.
             Was an Initiate of Okawaru.
             Slain by a hobgoblin
             ... wielding a +0 club
             ... led by Robin
              (6 damage)
             ... on level 2 of the Dungeon.
             The game lasted 00:01:55 (991 turns).

Borgoz the Covered (Halfling Fighter)                Turns: 991, Time: 00:01:56

Health: 0/31       AC:  9    Str: 23    XL:     4   Next: 45%
Magic:  4/4        EV: 10    Int:  6    God:    Okawaru [......]
Gold:   84         SH: 10    Dex: 13    Spells: 3/3 levels left

rFire    . . .     SeeInvis .   a - +0 rapier
rCold    . . .     Gourm    .   c - +0 shield
rNeg     . . .     Faith    .   b - +0 scale mail
rPois    .         Spirit   .   h - +1 helmet
rElec    .         Reflect  .   (no cloak)
rCorr    .         Harm     .   (no gloves)
MR       .....                  (no boots)
Stlth    ..........             (no amulet)
HPRegen  0.10/turn              (no ring)
MPRegen  0.09/turn              (no ring)

@: mighty
A: small, mutation resistance 1
a: Renounce Religion


You were on level 2 of the Dungeon.
You worshipped Okawaru.
Okawaru was noncommittal.
You were hungry.

You visited 1 branch of the dungeon, and saw 2 of its levels.

You collected 84 gold pieces.

Inventory:

Hand Weapons
 a - a +0 rapier (weapon)
Armour
 b - a +0 scale mail (worn)
 c - a +0 shield (worn)
 h - a +1 helmet (worn)
Scrolls
 e - a scroll of noise {unknown}
 g - a scroll of enchant armour {unknown}
 k - 2 scrolls of teleportation {unknown}
 l - a scroll of fear {unknown}
Potions
 i - 4 potions of curing {unknown}
 m - a potion of magic {unknown}
 n - a potion of ambrosia {unknown}
Comestibles
 f - 4 rations
 j - 15 chunks of flesh


   Skills:
 + Level 3.2 Fighting
 + Level 3.3 Short Blades
 + Level 3.9 Armour
 + Level 1.9 Dodging
 - Level 3.2 Shields


You had 3 spell levels left.
You didn't know any spells.
Your spell library was empty.

Dungeon Overview and Level Annotations

Branches:
Dungeon (2/15)

Altars:
Okawaru

Annotations:
D:1 1 runed translucent door
D:2 Robin


Innate Abilities, Weirdness & Mutations

You are small and have problems with some larger weapons.
You are somewhat resistant to further mutation.


Message History

The goblin hits you but does no damage. You block the goblin's attack.
Robin hits you but does no damage. The goblin hits you.
The goblin barely misses you.
You puncture the goblin!
You kill the goblin!
Okawaru accepts your kill. You block the goblin's attack.
Robin roars a battlecry!
The hobgoblin goes into a battle-frenzy!
The goblin barely misses you. You block the goblin's attack.
The goblin hits you with a +0 club.
* * * LOW HITPOINT WARNING * * *
The goblin closely misses you.
You hit the goblin.
You kill the goblin!
Okawaru accepts your kill. Robin throws the goblin at you! The goblin hits you.
* * * LOW HITPOINT WARNING * * *
The hobgoblin hits you with a +0 club.
You die...

####### #########
#####.....####.......# #
.......#.....#.......#
#.......###...(..".....#
#..........gg..#.=.....########
'.....#.)...#.gg........>##....
#.... #.gg..##@g.......#.##.#
......#.gg).#.g#....†..#'##÷#
.g.gggg........#.......)..).#
...g#.%.###...##.......)..###
.. ##...#....##..........#
..........##.........[#
.......######..........#
#.......# #..........# #
#.......# ####+##....#.#


You could see Robin, 2 hobgoblins and 3 goblins.

Vanquished Creatures
  An adder (D:2)
  An ooze (D:1)
  A worm (D:2)
  A leopard gecko (D:1)
  A ball python (D:1)
  5 bats
  11 goblins
  4 hobgoblins
  11 jackals
  4 kobolds
  A frilled lizard (D:1)
  3 rats
44 creatures vanquished.

Notes
Turn   | Place    | Note
-------+----------+-------------------------------------------
     0 | D:1      | Borgoz the Halfling Fighter began the quest for the Orb.
     0 | D:1      | Reached XP level 1. HP: 15/15 MP: 1/1
     1 | D:1      | Found a runed translucent door.
    33 | D:1      | Reached XP level 2. HP: 20/20 MP: 2/2
   211 | D:1      | Reached skill level 1 in Dodging
   319 | D:1      | Reached XP level 3. HP: 21/25 MP: 3/3
   836 | D:2      | Reached XP level 4. HP: 23/31 MP: 4/4
   960 | D:2      | Found an iron altar of Okawaru.
   966 | D:2      | Noticed Robin
   970 | D:2      | Became a worshipper of Warmaster Okawaru
   991 | D:2      | Slain by a hobgoblin

Levels and vault maps discovered:
D:1:      dpeg_arrival_caged_fury, layout_basic, nrook_mini_vaults,
          wad_floor_pattern_1
D:2:      layout_basic, first_ration, okawaru_ov_weapons_minmay, uniq_robin,
          uniq_crazy_yiuf_cottage

Skill      XL: |  1  2  3 |
---------------+----------+-----
Dodging        | 1 |  1.9
Fighting       | 3 |  3.2
Short Blades   | 3 |  3.3
Armour         | |  3.9
Shields        | |  3.2

Action                   |  1- 3 |  4- 6 || total
-------------------------+-------+-------++-------
Melee: Rapier            |    96 |    47 ||   143
  Use: Potion            |       |     1 ||     1
Armor: Scale mail        |    31 |    33 ||    64
Dodge: Dodged            |    58 |    52 ||   110
Block: Shield            |    53 |    47 ||   100

Table legend:
 A = Non-vault XP
 B = Vault XP
 C = Vault XP percentage of total XP
 D = Non-vault monster count
 E = Vault monster count
 F = Vault count percentage of total count
                 A         B        C        D         E       F
            +---------+---------+-------+---------+---------+-------
      Total |      91 |      10 |   9.9 |      39 |       5 |  11.4
            +---------+---------+-------+---------+---------+-------
        D:1 |      50 |       0 |   0.0 |      25 |       0 |   0.0
        D:2 |      41 |      10 |  19.6 |      14 |       5 |  26.3
            +---------+---------+-------+---------+---------+-------
